 Dungeon Crawl Stone Soup version 0.14-a0-181-gf6fe0c6 (webtiles) character file.

2782 diablo888 the Archer (level 9, 0/102 HPs)
             Began as a Centaur Hunter on Oct 7, 2013.
             Was a Priest of Trog.
             Slain by a killer bee (6 damage)
             ... on Level 7 of the Dungeon.
             The game lasted 01:45:08 (7655 turns).

diablo888 the Archer (Centaur Hunter)               Turns: 7655, Time: 01:45:08

HP   0/102       AC 14     Str 21      XL: 9   Next: 27%
MP   8/8         EV  3     Int 11      God: Trog [***...]
Gold 295         SH  0     Dex 12      Spells:  0 memorised,  8 levels left

Res.Fire  : + . .   See Invis. : .   S - +3,+2 falchion
Res.Cold  : . . .   Warding    : .   I - +0 plate armour
Life Prot.: . . .   Conserve   : .   (no shield)
Res.Poison: .       Res.Corr.  : .   O - +1 cap {Int+3}
Res.Elec. : .       Clarity    : .   j - +0 elf cloak
Sust.Abil.: . .     Spirit.Shd : .   (no gloves)
Res.Mut.  : .       Stasis     : .   (no barding)
Res.Rott. : .       Flight     : .   v - amulet of the gourmand
Gourmand  : +                        a - ring of wizardry
                                     r - ring of protection from fire

@: berserking, mildly poisoned, very quick, slightly resistant to hostile
enchantments, extremely unstealthy
A: hooves 3, deformed body, herbivore 1, speed 2, fast metabolism 1, tough skin
3, AC +2, Int -2
a: Burn Spellbooks, Berserk, Trog's Hand, Renounce Religion


You were on level 7 of the Dungeon.
You worshipped Trog.
Trog was most pleased with you.
You were not hungry.

You visited 1 branch of the dungeon, and saw 8 of its levels.

You collected 275 gold pieces.

Inventory:

Hand weapons
 b - a +1,+1 bow
 d - a +4,+1 elven whip
 t - a +0,+0 club
 C - a +0,+0 spear
 F - a +1,+1 dagger of venom
 L - a +3,+1 elven short sword of venom
 S - a +3,+2 falchion (weapon)
Missiles
 c - 9 arrows
 g - 18 arrows of flame
 l - 74 stones (quivered)
 n - 57 poisoned needles
 p - 14 darts
 y - a throwing net
 N - 37 bolts
Armour
 j - a +0 elven cloak (worn)
 u - a +0 orcish leather armour of fire resistance
 x - a +0 chain mail
 I - a +0 plate armour (worn)
 O - a +1 cap of intelligence (worn)
Magical devices
 h - a wand of paralysis (8) {unknown}
 G - a wand of confusion (8)
 R - a wand of heal wounds (3) {unknown}
 U - a wand of magic darts (5)
 W - a wand of random effects (10)
 Z - a wand of flame (11) {unknown}
Comestibles
 f - a bread ration
 k - 2 meat rations
 m - 2 pears
 s - a rambutan
 A - an apple
Scrolls
 e - 2 scrolls of remove curse
 i - 3 scrolls of magic mapping
 o - 2 scrolls of recharging {unknown}
 q - 2 scrolls of teleportation
 z - 4 scrolls of noise {unknown}
 H - a scroll of fog {unknown}
 T - a scroll of identify
 V - a scroll of enchant weapon II {unknown}
 X - a scroll of fear
Jewellery
 a - a ring of wizardry (right hand)
 r - a ring of protection from fire (left hand)
 v - an amulet of the gourmand (around neck)
Potions
 w - 2 potions of magic
 E - a potion of restore abilities
 K - a potion of curing
 M - a potion of speed
 Q - 2 potions of paralysis
 Y - a potion of heal wounds


   Skills:
 + Level 2.6 Fighting
 + Level 2.2 Short Blades
 + Level 1.0 Long Blades
 + Level 11.1 Bows
 + Level 4.2 Throwing
 * Level 5.4 Armour
 + Level 2.9 Dodging
 + Level 1.0 Stealth
 + Level 1.4 Evocations


You had 8 spell levels left.
You didn't know any spells.

Dungeon Overview and Level Annotations

Branches:
Dungeon (8/27)             Temple (0/1) D:6
    Orc: D:6-11        Lair: D:8-13

Altars:
Cheibriados
Elyvilon
Sif Muna
Trog
Vehumet
Yredelemnul

Shops:
D:7 +


Innate Abilities, Weirdness & Mutations

You have hooves in place of feet.
Armour fits poorly on your strangely shaped body.
You digest meat inefficiently.
You cover ground very quickly.
You have a fast metabolism.
You have extremely tough skin (AC +3).
You are partially covered in yellow scales (AC +2).
You are dopey. (Int -2)


Message History

There is a stone staircase leading down here.
Drink which item? (? for menu, Esc to quit)
You feel better. The killer bee stings you.
* * * LOW HITPOINT WARNING * * *
You are poisoned.
The killer bee poisons you!
The killer bee stings you but does no damage.
The killer bee stings you.
* * * LOW HITPOINT WARNING * * *
The killer bee stings you but does no damage.
Use which ability? (? or * to list)
A red film seems to cover your vision as you go berserk!
You feel yourself moving faster!
You feel mighty!
You feel somewhat more hungry.
The killer bee stings you but does no damage.
The killer bee stings you!
* * * LOW HITPOINT WARNING * * *
The killer bee stings you but does no damage.
The killer bee stings you.
You die...

###### #....######
####....##./.#####
#@k........)....(.
#k########).......
###.#### ##........
#[.....# #.........
#......# #.........
#......####.........
###.#............###
####.................
#...........#########


You could see 2 killer bees.

Vanquished Creatures
  Grinder (D:4)
  A hill giant skeleton (D:8)
  A hungry ghost (D:7)
  A wolf (D:5)
  A porcupine (D:4)
  A sky beast (D:5)
  2 ogres
  A phantom (D:8)
  3 ice beasts
  2 centaurs (D:7)
  A wyvern skeleton (D:7)
  6 wights
  2 hippogriff skeletons
  A goliath beetle (D:7)
  The ghost of 4tharraofdagon the Firebug, a weakling TeFE (D:4)
  3 crimson imps
  2 orc priests
  An orc wizard (D:6)
  A jelly (D:7)
  2 worker ants (D:7)
  A giant frog skeleton (D:6)
  A scorpion (D:4)
  Ijyb (D:6)
  10 adders
  4 worms
  6 giant geckos
  2 oozes
  11 orcs
  6 giant cockroaches
  9 goblins
  10 hobgoblins
  4 jackals (D:4)
  12 bats
  7 giant newts
  A hobgoblin skeleton (D:7)
  10 kobolds
  3 quokkas
  A quokka skeleton (D:6)
  7 rats
  A plant (D:5)
141 creatures vanquished.

Notes
Turn   | Place    | Note
--------------------------------------------------------------
     0 | D:1      | diablo888, the Centaur Hunter, began the quest for the Orb.
     0 | D:1      | Reached XP level 1. HP: 17/17 MP: 0/0
   275 | D:1      | Reached XP level 2. HP: 24/24 MP: 1/1
   314 | D:1      | Reached skill level 6 in Bows
   936 | D:1      | Gained mutation: You are dopey. (Int -2) [potion of mutation]
   936 | D:1      | Gained mutation: You are partially covered in yellow scales (AC +2). [potion of mutation]
   961 | D:1      | Reached XP level 3. HP: 29/29 MP: 2/2
  1385 | D:2      | Reached skill level 7 in Bows
  1569 | D:3      | Found a bloodstained altar of Trog.
  1582 | D:3      | Became a worshipper of Trog the Wrathful
  1631 | D:3      | Found a white marble altar of Elyvilon.
  1775 | D:3      | Reached XP level 4. HP: 36/36 MP: 2/2
  1990 | D:3      | Acquired Trog's first power
  2172 | D:3      | Reached XP level 5. HP: 28/41 MP: 3/3
  2296 | D:3      | Reached skill level 8 in Bows
  2471 | D:4      | Reached skill level 1 in Throwing
  2517 | D:4      | Noticed Grinder
  2570 | D:4      | Paralysed by Grinder for 4 turns
  2579 | D:4      | Paralysed by Grinder for 4 turns
  2606 | D:4      | Paralysed by Grinder for 4 turns
  2621 | D:4      | Paralysed by Grinder for 3 turns
  2626 | D:4      | Paralysed by Grinder for 5 turns
  2632 | D:4      | Killed Grinder
  2632 | D:4      | Reached skill level 1 in Short Blades
  2632 | D:4      | Reached skill level 1 in Armour
  2632 | D:4      | Reached XP level 6. HP: 5/49 MP: 4/4
  2729 | D:4      | Noticed 4tharraofdagon's ghost (weakling TeFE)
  2743 | D:4      | Killed 4tharraofdagon's ghost
  3187 | D:4      | Reached XP level 7. HP: 55/55 MP: 4/4
  3291 | D:4      | Found a snail-covered altar of Cheibriados.
  3443 | D:4      | Noticed Sigmund
  3453 | D:4      | Noticed Sigmund
  3453 | D:4      | Sigmund changed into Sigmund the porcupine
  3462 | D:4      | Killed Sigmund the porcupine
  3462 | D:4      | Reached skill level 9 in Bows
  3770 | D:5      | Entered Level 5 of the Dungeon
  3917 | D:5      | Acquired Trog's second power
  4144 | D:5      | Reached skill level 10 in Bows
  4206 | D:5      | Reached XP level 8. HP: 61/61 MP: 5/5
  4265 | D:5      | Found a basalt altar of Yredelemnul.
  4444 | D:5      | Found a basalt altar of Yredelemnul.
  4663 | D:6      | Noticed Ijyb
  4675 | D:6      | Killed Ijyb
  4948 | D:6      | Reached skill level 11 in Bows
  4976 | D:6      | Reached skill level 1 in Evocations
  5537 | D:6      | Found a staircase to the Ecumenical Temple.
  5740 | D:7      | Found a deep blue altar of Sif Muna.
  5741 | D:7      | Found Truazem's Book Shop.
  6407 | D:7      | Reached skill level 1 in Stealth
  6460 | D:7      | Reached XP level 9. HP: 50/68 MP: 7/7
  6575 | D:7      | Reached skill level 5 in Armour
  7459 | D:8      | Paralysed by a potion of paralysis for 5 turns
  7527 | D:7      | Noticed a hill giant
  7609 | D:8      | Reached skill level 1 in Long Blades
  7637 | D:8      | Found a radiant altar of Vehumet.
  7655 | D:7      | Slain by a killer bee

Action                   |  1- 3 |  4- 6 |  7- 9 || total
-------------------------+-------+-------+-------++-------
Melee: Short sword       |     7 |    68 |   207 ||   282
       Bow               |       |     9 |    27 ||    36
       Falchion          |       |       |    65 ||    65
 Fire: Bow               |    89 |    34 |    89 ||   212
Throw: Stone             |     8 |     9 |    96 ||   113
       Throwing net      |       |       |     1 ||     1
Invok: Berserk           |       |     3 |     7 ||    10
Evoke: Wand              |       |       |     9 ||     9
  Use: Scroll            |     6 |       |     6 ||    12
       Potion            |     5 |     4 |     8 ||    17
